 Dungeon Crawl Stone Soup version 0.19.0-2-gae57169 (console) character file.

8479 Kloppie the Basher (level 11, -8/69 HPs)
             Began as a Gargoyle Berserker on Nov 5, 2016.
             Was a High Priest of Trog.
             Killed by divine providence
             ... invoked by a meliai
              (13 damage)
             ... on level 11 of the Dungeon.
             The game lasted 00:17:33 (9101 turns).

Kloppie the Basher (Gargoyle Berserker)             Turns: 9101, Time: 00:17:33

Health: -8/69      AC: 31    Str: 22    XL:     11   Next: 31%
Magic:  11/11      EV:  6    Int:  7    God:    Trog [*****.]
Gold:   502        SH: 12    Dex: 12    Spells: 0 memorised, 10 levels left

rFire  . . .     SeeInvis .     a - +0 flail
rCold  . . .     Gourm    .     C - +0 plate armour
rNeg   + . .     Faith    .     p - +0 shield
rPois  ∞         Spirit   .     o - +0 helmet
rElec  +         Reflect  .     l - +1 cloak
rCorr  .         Harm     .     m - +1 pair of gloves
MR     ++...                    x - +0 pair of boots
Stlth  ..........               (no amulet)
                                u - ring of stealth
                                D - +4 ring of protection

@: very slightly contaminated, regenerating, studying Air Magic
A: negative energy resistance 1, electricity resistance, unbreathing,
petrification resistance, rot immunity, AC +7
a: Berserk, Trog's Hand, Brothers in Arms, Burn Spellbooks, Renounce Religion


You were on level 11 of the Dungeon.
You worshipped Trog.
Trog was extremely pleased with you.
You were not hungry.

You visited 1 branch of the dungeon, and saw 11 of its levels.

You collected 502 gold pieces.

Inventory:

Hand Weapons
 a - a +0 flail (weapon)
 g - a +1 mace
 h - a +0 mace of holy wrath
 P - a +0 morningstar
Armour
 l - a +1 cloak (worn)
 m - a +1 pair of gloves (worn)
 o - a +0 helmet (worn)
 p - a +0 shield (worn)
 x - a +0 pair of boots (worn)
 C - a +0 plate armour (worn)
Rods
 y - a +0 iron rod (11/11)
   (You found it on level 3 of the Dungeon)
Jewellery
 u - a ring of stealth (right hand)
 D - a +4 ring of protection (left hand)
Wands
 A - a wand of flame (44/48)
 F - a wand of flame (22/48)
 I - a wand of slowing (10/48)
 N - a wand of lightning (12/15)
Scrolls
 e - a scroll of blinking
 f - a scroll of remove curse
 i - 5 scrolls of enchant weapon
 G - a scroll of enchant armour
 K - 2 scrolls of identify
 S - a scroll of recharging
Potions
 b - 2 potions of brilliance
 d - 2 potions of cure mutation
 j - 3 potions of flight
 s - 4 potions of magic
 t - a potion of berserk rage
 z - a potion of might
 B - a potion of curing
 E - a potion of haste
 J - a potion of ambrosia {unknown}
 Q - 2 potions of heal wounds {unknown}
 R - a potion of resistance
Books
 v - a book of Conjurations

   Spells                             Type                      Level
   a - Magic Dart                     Conjuration                  1
   b - Searing Ray                    Conjuration                  2
   c - Dazzling Spray                 Conjuration/Hexes            3
   d - Fulminant Prism                Conjuration/Hexes            4
   e - Iskenderun's Mystic Blast      Conjuration                  4
   f - Iskenderun's Battlesphere      Conjuration/Charms           5
   Trog disapproves of the use of such an item.
 L - a book of Debilitation

   Spells                             Type                      Level
   a - Corona                         Hexes                        1
   b - Slow                           Hexes                        2
   c - Gell's Gravitas                Hexes/Translocation          3
   d - Inner Flame                    Hexes/Fire                   3
   e - Cause Fear                     Hexes                        4
   f - Leda's Liquefaction            Hexes/Earth                  4
   Trog disapproves of the use of such an item.
 M - a manual of Air Magic Trog disapproves of the use of such an item.
Comestibles
 c - 6 bread rations
 k - a royal jelly
 q - 5 meat rations
 r - 6 fruits
 w - 4 beef jerkies
 H - 7 slices of pizza
 O - 3 chunks of flesh


   Skills:
 + Level 8.4 Fighting
 + Level 12.3 Maces & Flails
 - Level 6.0 Armour
 - Level 1.5 Dodging
 - Level 9.4 Shields


You had 10 spell levels left.
You didn't know any spells.

Dungeon Overview and Level Annotations

Branches:
Dungeon (12/15)            Temple (0/1) D:4            Lair (0/6) D:8
    Orc: D:9-12

Altars:
Cheibriados
Gozag
Hepliaklqana
Kikubaaqudgha
Nemelex Xobeh
Okawaru
Vehumet
Yredelemnul

Shops:
D:6 (


Innate Abilities, Weirdness & Mutations

You are resistant to torment.
Your stone body is resilient. (AC +7)
You are immune to poison.
You resist negative energy. (rN+)
You are resistant to electric shocks. (rElec)
You can survive without breathing.
You are immune to petrification.
You are immune to rotting.


Message History

Cornered, the meliai turns to fight!
The quasit bites you but does no damage.
You block the quasit's attack.
The quasit claws you but does no damage.
The meliai calls down the wrath of its god upon you.
Something smites you!
* * * LOW HITPOINT WARNING * * *
The quasit barely misses you. You block the quasit's attack.
The quasit claws you but does no damage.
Blink to where?
Press: ? - help, Dir - move target cursor You are very lightly contaminated with residual magic.
As you read the scroll of blinking, it crumbles to dust.
You feel the effects of Trog's Hand fading.
The meliai mumbles some strange prayers to its god against you.
Something smites you!
* * * LOW HITPOINT WARNING * * *
The meliai invokes the aid of its god against you.
Something smites you!
You die...

.....#..# #.# #...# ######..# #.#
#...## .......# #.# #####.....
.......# ###.# #.........
[......# #...#######.........
.......# #...................
..yZ...# #...................
..5....#######...................
#+###.....Z5....@................
#....5y..######..............
#........#....######.........
#........#.....))..'.........
#..#####.#.........#.........
#..# #.#.........#......### ....#
#.#.........#......# ###.
#.###########......# ..........#


You could see a meliai, 2 quasits and a wyvern zombie.

Vanquished Creatures
  A hydra (D:9)
  A manticore (D:11)
  A troll (D:9)
  3 hippogriffs
  A shadow (D:9)
  3 hogs (D:7)
  A wyvern (D:12)
  4 yaks
  A human (D:7)
  2 steam dragons
  Menkaure (D:6)
  Edmund (D:4)
  The ghost of Patchouli the Caller, an amateur TeSu of Sif Muna (D:6)
  Duvessa (D:4)
  A water moccasin (D:9)
  An eye of draining (D:12)
  4 orc warriors
  An ice beast (D:7)
  6 ogres
  A sky beast (D:7)
  A black bear (D:9)
  3 centaurs
  A crocodile (D:8)
  2 big kobolds
  8 bullfrogs
  3 scorpions
  A wyvern skeleton (D:9)
  Dowan (D:4)
  10 killer bees
  2 howler monkeys (D:7)
  4 crimson imps
  5 jellies
  A centaur skeleton (D:8)
  A centaur zombie (D:8)
  4 hounds
  A gnoll shaman (D:5)
  3 orc priests
  A bullfrog skeleton (D:4)
  5 orc wizards
  3 iguanas
  Natasha (thrice) (D:2)
  7 worker ants
  3 hound zombies
  Robin (D:3)
  A worker ant zombie (D:6)
  13 gnolls
  9 adders
  3 shadow imps (D:5)
  5 oozes
  5 worms
  4 dart slugs
  5 leopard geckos
  31 orcs
  6 giant cockroaches
  24 goblins
  9 hobgoblins
  6 jackals
  6 quokkas
  12 bats
  4 frilled lizards
  A jackal zombie (D:5)
  19 kobolds
  A quokka skeleton (D:8)
  7 rats
  A rat zombie (D:6)
282 creatures vanquished.

Vanquished Creatures (others)
  A fungus (D:8)
1 creature vanquished.

Grand Total: 283 creatures vanquished

Notes
Turn   | Place    | Note
-------+----------+-------------------------------------------
     0 | D:1      | Kloppie the Gargoyle Berserker began the quest for the Orb.
     0 | D:1      | Reached XP level 1. HP: 14/14 MP: 1/1
    69 | D:1      | Reached XP level 2. HP: 14/19 MP: 2/2
   417 | D:1      | Reached XP level 3. HP: 17/24 MP: 3/3
   858 | D:2      | Noticed Natasha
   864 | D:2      | Killed Natasha
   864 | D:2      | Reached ** piety under Trog
   928 | D:2      | Reached XP level 4. HP: 19/30 MP: 4/4
   986 | D:2      | Reached skill level 4 in Maces & Flails
  1314 | D:2      | Noticed Natasha
  1328 | D:2      | Killed Natasha
  1328 | D:2      | Reached skill level 5 in Fighting
  1328 | D:2      | Reached XP level 5. HP: 14/35 MP: 5/5
  1516 | D:2      | Noticed Natasha
  1531 | D:2      | Killed Natasha
  1571 | D:2      | Found a hazy altar of Hepliaklqana.
  2008 | D:3      | Reached *** piety under Trog
  2187 | D:3      | Reached skill level 5 in Maces & Flails
  2193 | D:3      | Reached XP level 6. HP: 27/40 MP: 6/6
  2601 | D:4      | Found a staircase to the Ecumenical Temple.
  2736 | D:4      | Noticed Edmund
  2751 | D:4      | Killed Edmund
  2788 | D:4      | Noticed Robin
  2859 | D:3      | Killed Robin
  3140 | D:4      | Noticed Duvessa
  3156 | D:4      | Noticed Dowan
  3179 | D:4      | Killed Dowan
  3179 | D:4      | Reached XP level 7. HP: 45/46 MP: 7/7
  3241 | D:4      | Reached skill level 6 in Maces & Flails
  3528 | D:4      | Reached **** piety under Trog
  3683 | D:4      | Killed Duvessa
  3774 | D:5      | Entered Level 5 of the Dungeon
  4024 | D:5      | Reached XP level 8. HP: 27/51 MP: 8/8
  4030 | D:5      | Reached skill level 7 in Maces & Flails
  4037 | D:5      | Reached skill level 5 in Armour
  4949 | D:6      | Reached skill level 8 in Maces & Flails
  4958 | D:6      | Noticed Patchouli's ghost (amateur TeSu)
  4996 | D:6      | Killed Patchouli's ghost
  5043 | D:6      | Found a sparkling altar of Nemelex Xobeh.
  5044 | D:6      | Found a basalt altar of Yredelemnul.
  5086 | D:6      | Noticed Menkaure
  5092 | D:6      | Killed Menkaure
  5092 | D:6      | Reached XP level 9. HP: 55/55 MP: 9/9
  5213 | D:6      | Found Cifogeuq's Weapon Emporium.
  5329 | D:6      | Found an ancient bone altar of Kikubaaqudgha.
  5546 | D:6      | Reached skill level 9 in Maces & Flails
  5625 | D:6      | Reached skill level 5 in Shields
  5866 | D:7      | Reached ***** piety under Trog
  5866 | D:7      | Reached skill level 10 in Maces & Flails
  6092 | D:7      | Reached XP level 10. HP: 60/60 MP: 10/10
  6519 | D:7      | Found a snail-covered altar of Cheibriados.
  7077 | D:7      | Received a gift from Trog
  7299 | D:8      | Found a staircase to the Lair.
  7360 | D:8      | Reached skill level 11 in Maces & Flails
  7886 | D:9      | Found an opulent altar of Gozag.
  7886 | D:9      | Found a radiant altar of Vehumet.
  7887 | D:9      | Found an iron altar of Okawaru.
  7954 | D:9      | Noticed a six-headed hydra
  7967 | D:9      | Killed a six-headed hydra
  8015 | D:9      | Reached XP level 11. HP: 65/67 MP: 11/11
  8264 | D:9      | You fall through a shaft for 3 floors!
  8281 | D:12     | Reached skill level 12 in Maces & Flails
  8713 | D:11     | Noticed a manticore
  8741 | D:11     | Killed a manticore
  9101 | D:11     | Killed from afar by a meliai

Skill      XL: |  1  2  3  4  5  6  7  8  9 10 11 |
---------------+----------------------------------+-----
Fighting       | 4 5 6 7 8 |  8.4
Maces & Flails | 4 5 6 8 10 11 12 | 12.3
Armour         | 4 6 |  6.0
Shields        | 3 7 9 |  9.4
Dodging        | |  1.5

Action                   |  1- 3 |  4- 6 |  7- 9 | 10-12 || total
-------------------------+-------+-------+-------+-------++-------
Melee: Mace              |   105 |   308 |   452 |       ||   865
       Flail             |       |     8 |    53 |   580 ||   641
Invok: Berserk           |       |     2 |     6 |     1 ||     9
       Trog's Hand       |       |     1 |     3 |     2 ||     6
  Use: Scroll            |       |    11 |     6 |     7 ||    24
       Potion            |       |       |       |     1 ||     1
 Stab: Sleeping          |     1 |     2 |       |       ||     3
  Eat: Chunk             |       |    10 |    17 |     7 ||    34
       Meat ration       |       |       |       |     1 ||     1
Armor: Animal skin       |    38 |    95 |       |       ||   133
       Chain mail        |       |    60 |   228 |       ||   288
       Ring mail         |       |     1 |       |       ||     1
       Plate armour      |       |       |   245 |   411 ||   656
       Skin              |       |       |       |     5 ||     5
Dodge: Dodged            |    64 |   222 |   251 |   161 ||   698
Block: Shield            |       |       |       |   382 ||   382
